 Dungeon Crawl Stone Soup version 0.28-a0-622-gbaef9634d7 (webtiles) character file.

Game seed: 1870345741356012512

494 sleeves the Slasher (level 6, -3/47 HPs)
             Began as a Demonspawn Fighter on Oct 7, 2021.
             Slain by a kobold brigand (7 damage)
             ... on level 3 of the Dungeon.
             The game lasted 00:03:53 (4601 turns).

sleeves the Slasher (Demonspawn Fighter)            Turns: 4601, Time: 00:03:54

Health: -3/47      AC:  6    Str: 16    XL:     6   Next: 92%
Magic:  6/6        EV:  9    Int: 11    God:
Gold:   117        SH:  0    Dex: 13    Spells: 5/5 levels left

rFire   . . .      SeeInvis .   a - +0 long sword
rCold   . . .      Faith    .   c - +0 buckler
rNeg    . . .      Spirit   .   b - +0 scale mail
rPois   .          Reflect  .   (no helmet)
rElec   .          Harm     .   (no cloak)
rCorr   .          Rampage  .   (no gloves)
Will    .....                   (no boots)
Stlth   ..........              (no amulet)
HPRegen 0.15/turn               g - ring of wizardry
MPRegen 0.10/turn               n - ring of flight

@: confused, flying
A: ignite blood 1, weakness stinger 1
a: no special abilities


You were on level 3 of the Dungeon.
You visited 1 branch of the dungeon, and saw 3 of its levels.

You collected 117 gold pieces.

Inventory:

Hand Weapons
 a - a +0 long sword (weapon)
Armour
 b - a +0 scale mail (worn)
 c - a +0 buckler (worn)
 h - a +1 pair of gloves
   (You found it on level 2 of the Dungeon)
Jewellery
 g - a ring of wizardry (left hand)
   (You found it on level 1 of the Dungeon)
 i - a +6 ring of intelligence
   (You found it on level 2 of the Dungeon)
 n - a ring of flight (right hand)
   (You found it on level 3 of the Dungeon)
Wands
 d - a wand of flame (5)
   (You took it off Jessica on level 3 of the Dungeon)
 e - a wand of mindburst (9)
   (You took it off Ijyb on level 3 of the Dungeon)
Scrolls
 f - a scroll of enchant armour {unknown}
 j - 4 scrolls of fear {unknown}
 k - a scroll of enchant weapon {unknown}


   Skills:
 - Level 3.0 Fighting
 + Level 6.9 Long Blades
 - Level 2.6 Armour
 - Level 2.6 Shields


You had 5 spell levels left.
You didn't know any spells.
Your spell library contained the following spells:

 Spells                   Type           Power      Damage    Failure   Level
 Summon Ice Beast         Ice/Summ       0%         N/A       99%         4
 Summon Mana Viper        Hex/Summ       0%         N/A       100%        5
 Monstrous Menagerie      Summ           0%         N/A       100%        7


Dungeon Overview and Level Annotations

Branches:
Dungeon (3/15)

Altars:
Hepliaklqana
Yredelemnul


Innate Abilities, Weirdness & Mutations

Your demonic aura sometimes causes spilled blood to erupt in flames.
You have a small tail.


Message History

No target in view!
No target in view!
No target in view!
Things that are here:
a +0 dagger; a goblin corpse You see here a +0 dagger.
A rat comes into view.
A rat is nearby!
A rat is nearby!
An orc and an orc wizard come into view.
The orc wizard is wielding a +0 dagger of speed.
The orc shouts!
The orc wizard shouts!
An orc wizard comes into view. It is wielding a +0 dagger.
An orc comes into view.
It is wielding a +0 short sword and carrying a wand of digging (4).
The orc shouts!
An orc comes into view. It is wielding a +0 short sword.
The orc wizard mumbles some strange words.
The orc wizard flickers and vanishes!
Deactivating autopickup; reactivate with Ctrl-A.
The orc shouts!
The rat bites you but does no damage.
You closely miss the rat.
Your tail-slap misses the rat.
The rat bites you but does no damage.
The orc zaps a wand.
Some rock shatters into small pieces.
The rat misses you.
You slash the orc!
You kill the orc!
The rat barely misses you.
The orc wizard gestures wildly while chanting.
The orc wizard flickers and vanishes!
You barely miss the rat. You tail-slap the rat.
You kill the rat!
You miss something.
You hear some strange, mumbled words.
A magic dart appears from out of thin air!
The magic dart hits you!
The orc zaps a wand.
Some rock shatters into small pieces.
A dart slug comes into view.
Something hits you.
You are too injured to fight recklessly!
You are too injured to fight recklessly!
You are too injured to fight recklessly!
You are too injured to fight recklessly!
You are too injured to fight recklessly!
Something hits you.
You hear some strange, mumbled words.
A magic dart appears from out of thin air!
The magic dart hits you!
* * * LOW HITPOINT WARNING * * *
You hear a zap.
You hear a grinding noise.
The orc zaps a wand.
Some rock shatters into small pieces.
The now-empty wand crumbles to dust.
An orc wizard appears from thin air!
Reactivating autopickup.
The orc wizard mumbles some strange words.
The orc wizard flickers and vanishes!
Deactivating autopickup; reactivate with Ctrl-A.
The orc hits you with a +0 short sword.
* * * LOW HITPOINT WARNING * * *
The orc wizard casts a spell.
The orc wizard flickers and vanishes!
An orc wizard appears from thin air!
Reactivating autopickup.
The orc wizard casts a spell.
The orc wizard flickers and vanishes!
Deactivating autopickup; reactivate with Ctrl-A.
There is a stone staircase leading up here.
You climb upwards.
Reactivating autopickup.
There is a stone staircase leading down here.
You start resting.
HP restored.
Unknown command.
Search for what [? for help]? weap Unknown command.
You see here a +1 whip of flaming.
There is a stone staircase leading down here.
You climb downwards.
Found a scroll labelled GOC NORRANI.
There is a stone staircase leading up here.
k - a scroll labelled GOC NORRANI A ball python comes into view.
The ball python hisses angrily.
A ball python is nearby!
Your scale mail prevents you from hitting the ball python.
The ball python bites you but does no damage.
The ball python grabs you. The ball python constricts you.
You slash the ball python!
You kill the ball python!
No target in view!
No target in view!
No target in view!
No target in view!
No target in view!
No target in view!
No target in view!
No target in view!
No target in view!
HP restored.
A giant cockroach comes into view.
A giant cockroach is nearby!
A giant cockroach is nearby!
You slash the giant cockroach!
You kill the giant cockroach!
No target in view!
No target in view!
No target in view!
You see here a giant cockroach corpse.
Found a stone staircase leading down.
You now have 95 gold pieces (gained 16).
A kobold comes into view. It is wielding a +0 dagger.
The kobold shouts!
You see here a book of Beasts.
A kobold is nearby!
Found a stone staircase leading up.
The kobold hits you but does no damage.
You hit the kobold.
The kobold is moderately wounded.
You block the kobold's attack. The kobold hits you but does no damage.
You closely miss the kobold.
The kobold is moderately wounded.
You block the kobold's attack.
You hit the kobold.
You kill the kobold!
No target in view!
No target in view!
No target in view!
Things that are here:
a +0 dagger; a kobold corpse You pick up a book of Beasts and begin reading...
You add the spells Summon Ice Beast, Summon Mana Viper and Monstrous Menagerie to your library.
Okay, then.
You don't know any spells.
Okay, then.
There is a stone staircase leading up here.
Found 16 poisoned darts.
An adder comes into view.
Found a stone staircase leading down.
The adder hisses angrily.
An adder is nearby!
An adder is nearby!
You barely miss the adder. The adder bites you. x2
You are poisoned.
The adder poisons you!
You closely miss the adder.
You feel sick. The adder bites you but does no damage. The adder bites you.
You miss the adder.
You feel sick. You block the adder's attack.
You hit the adder. You tail-slap the adder.
The adder is heavily wounded.
You feel sick. The adder closely misses you. The adder bites you.
You are too injured to fight recklessly!
You are too injured to fight recklessly!
You are too injured to fight recklessly!
You are too injured to fight recklessly!
You are too injured to fight recklessly!
You are too injured to fight recklessly!
You are too injured to fight recklessly!
You are too injured to fight recklessly!
You are too injured to fight recklessly!
You are too injured to fight recklessly!
You barely miss the adder.
The adder is heavily wounded.
You feel sick.
You are no longer poisoned.
The adder bites you.
You are poisoned.
The adder poisons you!
You closely miss the adder.
The adder is heavily wounded.
You feel very sick.
The adder bites you but does no damage. x2
You miss the adder. You tail-slap the adder.
The adder is severely wounded.
You feel sick. You block the adder's attack. The adder barely misses you.
You barely miss the adder.
Your tail-slap misses the adder.
The adder is severely wounded.
You feel sick. The adder barely misses you.
You barely miss the adder.
The adder is severely wounded.
You feel sick. The adder bites you but does no damage. The adder bites you.
* * * LOW HITPOINT WARNING * * *
You are more poisoned.
The adder poisons you!
Your scale mail prevents you from hitting the adder.
You tail-slap the adder, but do no damage.
The adder is severely wounded.
* * * LOW HITPOINT WARNING * * *
You feel very sick. The adder bites you but does no damage.
The adder barely misses you.
You slash the adder!
You kill the adder!
* * * LOW HITPOINT WARNING * * *
You feel sick.
* * * LOW HITPOINT WARNING * * *
You feel sick.
* * * LOW HITPOINT WARNING * * *
You feel sick.
* * * LOW HITPOINT WARNING * * *
You feel sick.
* * * LOW HITPOINT WARNING * * *
You feel sick.
* * * LOW HITPOINT WARNING * * *
You feel sick.
You are no longer poisoned.
You start resting.
An orc wizard is nearby!
The dart slug launches a dart at you. The slug dart hits you.
You hit the dart slug.
The dart slug is moderately wounded.
The dart slug bites you but does no damage.
You slash the dart slug!
You kill the dart slug!
There is a stone staircase leading up here.
You start resting.
An orc wizard is nearby!
The orc wizard shouts!
You climb upwards.
There is a stone staircase leading down here.
You start resting.
HP restored.
You climb downwards.
The orc wizard points at you and mumbles some strange words.
The magic dart hits you.
There is a stone staircase leading up here.
There are monsters nearby!
The orc shouts!
You climb upwards.
There is a stone staircase leading down here.
You start resting.
HP restored.
You climb downwards.
There is a stone staircase leading up here.
You barely miss the orc.
The orc wizard casts a spell.
The orc wizard flickers and vanishes!
Deactivating autopickup; reactivate with Ctrl-A.
The orc hits you with a +0 short sword.
You closely miss the orc. You barely miss something. Something hits you.
You hit something but do no damage. Something hits you but does no damage.
You hit something.
Your tail-slap misses something.
Something hits you but does no damage.
You hit something.
You hear some strange, mumbled words.
A magic dart appears from out of thin air!
The magic dart hits you.
You hit something.
You hear some strange, mumbled words.
A magic dart appears from out of thin air!
The magic dart hits you. Something hits you but does no damage.
You miss something. Something hits you.
* * * LOW HITPOINT WARNING * * *
You hit something.
Reactivating autopickup.
You feel a bit more experienced.
Your Long Blades skill increases to level 4!
You have reached level 4!
You feel agile.
You closely miss the orc. The orc hits you but does no damage.
The orc barely misses you.
You hit the orc.
The orc is heavily wounded.
The orc hits you but does no damage.
You hit the orc but do no damage.
The orc is heavily wounded.
The orc hits you with a +0 short sword.
* * * LOW HITPOINT WARNING * * *
You hit the orc but do no damage.
The orc is heavily wounded.
The orc closely misses you.
You slash the orc!
You kill the orc!
Items here: )) [ ††.
There is a stone staircase leading up here.
You start resting.
An orc wizard is nearby!
Nothing quivered!
Nothing quivered!
You can't go down here!
An orc wizard is nearby!
The orc wizard shouts!
You climb upwards.
There is a stone staircase leading down here.
You start resting.
HP restored.
You climb downwards.
There is a stone staircase leading up here.
The orc wizard casts a spell.
The orc wizard flickers and vanishes!
Deactivating autopickup; reactivate with Ctrl-A.
A puff of flame appears from out of thin air!
You block the puff of flame.
There is a stone staircase leading up here.
You climb upwards.
Reactivating autopickup.
There is a stone staircase leading down here.
You climb downwards.
There is a stone staircase leading up here.
The orc wizard points at you and mumbles some strange words.
You resist with some effort.
The orc wizard points at you and mumbles some strange words.
You resist with some effort. The orc wizard casts a spell at you.
The puff of flame hits you!
You closely miss the orc wizard. The orc wizard barely misses you. x2
You slash the orc wizard!
The orc wizard is severely wounded.
The orc wizard hits you with a +0 dagger of speed.
The orc wizard hits you but does no damage.
You closely miss the orc wizard.
Your tail-slap misses the orc wizard.
The orc wizard is heavily wounded.
The orc wizard hits you with a +0 dagger of speed.
The orc wizard points at you and mumbles some strange words.
The puff of flame hits you.
You hit the orc wizard but do no damage.
The orc wizard is heavily wounded.
The orc wizard hits you with a +0 dagger of speed.
* * * LOW HITPOINT WARNING * * *
You hit the orc wizard but do no damage.
The orc wizard is heavily wounded.
The orc wizard hits you but does no damage.
The orc wizard closely misses you.
You slash the orc wizard!
You kill the orc wizard!
Things that are here:
a +0 dagger of speed; a +0 robe Key pressed, stopping explore.
HP restored.
There is a stone staircase leading down here.
Found a dagger.
Done exploring.
Done exploring.
(D) Dungeon
Where to? (Enter - D:1 @ (x,y), ? - help)
There is a stone staircase leading down here.
You climb downwards.
There is a stone staircase leading up here.
There is a stone staircase leading up here.
A rat comes into view.
A rat is nearby!
A rat is nearby!
The rat closely misses you.
You hit the rat.
You kill the rat!
No target in view!
No target in view!
No target in view!
No target in view!
No target in view!
No target in view!
No target in view!
No target in view!
Grinder comes into view.
Grinder shouts!
Grinder is nearby!
Grinder is nearby!
You block Grinder's attack.
You slash Grinder! You tail-slap Grinder.
Grinder is moderately wounded.
Grinder hits you.
You writhe in agony.
You closely miss Grinder.
Grinder is moderately wounded.
Grinder gestures at you. You resist with significant effort.
You hit Grinder.
Grinder is heavily wounded.
Grinder drinks a potion.
Grinder seems to speed up.
You hit Grinder but do no damage.
Grinder is heavily wounded.
Grinder hits you. Grinder barely misses you.
You hit Grinder.
Grinder is heavily wounded.
Grinder gestures at you. Pain shoots through your body!
Grinder says, "Make like a tree!"
Grinder misses you.
You are too injured to fight recklessly!
You are too injured to fight recklessly!
You are too injured to fight recklessly!
You hit Grinder but do no damage.
Grinder is heavily wounded.
Grinder gestures at you.
You suddenly lose the ability to move!
Grinder hits you.
* * * LOW HITPOINT WARNING * * *
You writhe in agony.
* * * LOW HITPOINT WARNING * * *
Grinder hits you but does no damage.
You can move again.
Unknown command.
Unknown command.
Unknown command.
Unknown command.
Unknown command.
Unknown command.
Unknown command.
Unknown command.
Unknown command.
You hit Grinder.
Grinder is heavily wounded.
Grinder gestures at you. Pain shoots through your body!
* * * LOW HITPOINT WARNING * * *
Grinder blinks!
You aren't carrying any items that you can evoke.
Okay, then.
Grinder says, "FISH!"
You feel very mighty all of a sudden.
You start resting.
Grinder is nearby!
You closely miss Grinder.
Grinder is heavily wounded.
Grinder hits you.
* * * LOW HITPOINT WARNING * * *
You writhe in agony.
* * * LOW HITPOINT WARNING * * *
You slice Grinder!!
You kill Grinder!
Your Long Blades skill gained 2 levels and is now at level 6!
You have reached level 5!
Your demonic ancestry asserts itself...
Your blood heats up.
You have reached level 6!
Your experience leads to an increase in your attributes!
Your base attributes are Str 16, Int 10, Dex 13.
Increase (S)trength, (I)ntelligence, or (D)exterity?
You feel clever.
You start resting.
You feel a little less mighty now.
You start resting.
HP restored.
There's nothing to open nearby.
An orc and Jessica come into view.
Jessica is wielding a +0 club and carrying a wand of flame (6).
Jessica shouts!
The orc shouts!
You hear a shout!
Jessica points at you and mumbles some strange words.
Pain shoots through your body!
An orc comes into view. It is wielding a +0 dagger.
The orc moves out of view.
An orc wizard comes into view. It is wielding a +0 dagger.
There are monsters nearby!
There are monsters nearby!
There are monsters nearby!
The orc shouts!
The orc wizard moves out of view.
No target in view!
No target in view!
You start resting.
Jessica is nearby!
Jessica is nearby!
Jessica hits you but does no damage.
You hit Jessica.
Your tail-slap misses Jessica.
Jessica is lightly wounded.
Jessica gestures wildly while chanting.
Jessica blinks!
The orc wizard closely misses you. The orc hits you with a +0 dagger.
You see here a green potion.
You hit the orc wizard but do no damage.
You tail-slap the orc wizard.
The orc wizard is lightly wounded.
Jessica mumbles some strange words.
Jessica blinks!
The orc wizard hits you but does no damage.
The orc barely misses you.
Jessica zaps a wand.
The puff of flame hits you! Jessica hits you with a +0 club.
You hit Jessica.
Jessica is heavily wounded.
The orc wizard barely misses you.
Jessica is engulfed in blazing flames.
You kill Jessica!
Items here: ! ) / [.
You hit the orc wizard.
The orc wizard is lightly wounded.
The orc wizard hits you but does no damage.
You hit the orc wizard but do no damage.
The orc wizard is lightly wounded.
You block the orc wizard's attack.
You hit the orc.
The orc is severely wounded.
You closely miss the orc.
Your tail-slap misses the orc.
The orc is severely wounded.
The orc hits you with a +0 dagger. The orc closely misses you.
You hit the orc.
You kill the orc!
You slash the orc wizard!
The orc wizard is almost dead.
The orc wizard is engulfed in blazing flames.
You kill the orc wizard!
The orc hits you with a +0 mace.
Items here: )) [[ †.
You closely miss the orc. The orc barely misses you.
You hit the orc but do no damage. You block the orc's attack.
You slash the orc!
You kill the orc!
Things that are here:
a +0 mace; a +0 leather armour
Things that are here:
a +0 mace; a +0 leather armour
Items here: )) [[ †.
Key pressed, stopping explore.
HP restored.
d - a wand of flame (5);
l - a bubbling blue potion
Things that are here:
a +0 club; a +0 robe
Items here: )) [[ †.
Things that are here:
a +0 mace; a +0 leather armour
m - a green potion An orc comes into view.
It is wielding a +0 short sword.
The orc shouts!
The orc drinks a potion.
The orc suddenly seems more resistant.
An orc is nearby!
Found a stone staircase leading down.
The orc completely misses you.
You hit the orc.
Your tail-slap misses the orc.
The orc is lightly wounded.
The orc suddenly cheers.
The orc completely misses you.
You hit the orc.
You kill the orc!
No target in view!
j - 3 scrolls labelled VILEVI TUEJUFE (gained 1)
You see here a +0 short sword.
A scorpion comes into view.
A hobgoblin comes into view.
Found a stone staircase leading down.
You barely miss the scorpion. The scorpion closely misses you.
You closely miss the scorpion. The scorpion closely misses you.
The scorpion stings you.
You are poisoned.
The scorpion poisons you!
You slash the scorpion! You tail-slap the scorpion.
The scorpion is severely wounded.
You feel very sick. You block the scorpion's attack.
You hit the scorpion.
You tail-slap the scorpion, but do no damage.
The scorpion is almost dead.
You feel very sick. The scorpion stings you.
You are more poisoned.
The scorpion poisons you! The scorpion barely misses you.
You barely miss the scorpion. You tail-slap the scorpion.
You kill the scorpion!
You feel very sick.
You are too injured to fight recklessly!
You are too injured to fight recklessly!
You are too injured to fight recklessly!
You are too injured to fight recklessly!
You slash the hobgoblin!
You kill the hobgoblin!
You feel very sick.
You feel sick.
You see here a scorpion corpse.
You feel sick.
You feel sick.
You feel sick.
You start resting.
You feel sick. x4
You are no longer poisoned.
You start resting.
HP restored.
You see here a scorpion corpse.
Found a stone staircase leading up.
There is a stone staircase leading up here.
An adder comes into view.
Found 32 arrows and 13 sling bullets.
The adder hisses angrily.
An adder is nearby!
You closely miss the adder. The adder bites you.
You hit the adder. You tail-slap the adder.
You kill the adder!
No target in view!
No target in view!
You see here 32 arrows.
You see here 13 sling bullets.
You see here 13 sling bullets.
An orc comes into view. It is wielding a +0 flail.
An orc is nearby!
The orc shouts!
You hear a shout!
An orc comes into view. It is wielding a +0 mace.
You hear a shout!
An orc comes into view. It is wielding a +0 club.
You barely miss the orc. You tail-slap the orc.
The orc is severely wounded.
You block the orc's attack.
You slash the orc!
You kill the orc!
You barely miss the orc. The orc barely misses you.
You closely miss the orc. You tail-slap the orc.
The orc is moderately wounded.
The orc hits you but does no damage.
You hit the orc.
The orc is almost dead.
The orc misses you.
You hit the orc but do no damage.
Your tail-slap misses the orc.
You barely miss the orc. The orc hits you with a +0 flail.
You barely miss the orc.
Your tail-slap misses the orc.
The orc hits you but does no damage.
You barely miss the orc.
Your tail-slap misses the orc.
The orc closely misses you.
You slash the orc!
You kill the orc!
You slash the orc!
You kill the orc!
No target in view!
No target in view!
No target in view!
No target in view!
No target in view!
You now have 108 gold pieces (gained 13).
Items here: ( ))) [ †.
n - a ring of flight You're wearing all the rings you can.
Remove which one? (? for menu, Esc to cancel) < or
g - a ring of wizardry; > or
i - a +6 ring of intelligence You remove your +6 ring of intelligence.
You feel stupid.
You fly up into the air.
n - a ring of flight (right hand)
An adder comes into view.
An adder is nearby!
An adder is nearby!
The adder bites you.
You are poisoned.
The adder poisons you! The adder bites you.
You are more poisoned.
The adder poisons you!
You barely miss the adder.
You feel very sick. The adder bites you but does no damage.
You closely miss the adder.
You feel sick. The adder bites you.
You slash the adder!
You kill the adder!
You feel sick.
No target in view!
No target in view!
No target in view!
No target in view!
No target in view!
No target in view!
No target in view!
No target in view!
No target in view!
No target in view!
Okay, then.
You feel sick.
You feel sick.
You feel sick.
You feel sick.
You feel sick.
You are no longer poisoned.
Found a stone staircase leading up.
There is a stone staircase leading up here.
Found a leather armour.
Ijyb the Twisted Goblin comes into view.
She is wielding a +0 dagger of venom and carrying a wand of mindburst (11).
Ijyb shouts!
Ijyb moves out of view.
Found a scroll labelled VILEVI TUEJUFE.
Ijyb zaps a wand.
Your mind is blasted!
You closely miss Ijyb. Ijyb closely misses you.
You closely miss Ijyb. You tail-slap Ijyb, but do no damage.
You block Ijyb's attack.
You hit Ijyb.
Ijyb is lightly wounded.
Ijyb hits you with a +0 dagger of venom.
You are poisoned.
You hit Ijyb.
Ijyb is moderately wounded.
You feel very sick. You block Ijyb's attack.
You closely miss Ijyb.
Ijyb is moderately wounded.
You feel very sick. Ijyb misses you.
You hit Ijyb but do no damage.
Ijyb is moderately wounded.
You feel sick. Ijyb hits you but does no damage.
You are more poisoned.
You hit Ijyb but do no damage. You tail-slap Ijyb, but do no damage.
Ijyb is moderately wounded.
You feel very sick. Ijyb hits you but does no damage.
You are more poisoned.
You hit Ijyb. You tail-slap Ijyb.
Ijyb is heavily wounded.
You feel very sick. Ijyb hits you but does no damage.
You are lethally poisoned!
You block Ijyb's attack.
You are too injured to fight recklessly!
You are too injured to fight recklessly!
You are too injured to fight recklessly!
You closely miss Ijyb. You tail-slap Ijyb.
Ijyb is severely wounded.
* * * LOW HITPOINT WARNING * * *
You feel extremely sick. Ijyb hits you but does no damage.
You are more poisoned.
It was a potion of magic.
Magic courses through your body.
* * * LOW HITPOINT WARNING * * *
You feel very sick. Ijyb closely misses you.
It was a potion of heal wounds.
You feel much better.
You feel very sick.
Ijyb hits you with a +0 dagger of venom.
You closely miss Ijyb.
Your tail-slap misses Ijyb.
Ijyb is severely wounded.
You feel very sick.
Ijyb zaps a wand.
You barely resist. You hit Ijyb but do no damage.
Ijyb is severely wounded.
You feel very sick. Ijyb misses you.
You barely miss Ijyb.
Ijyb is severely wounded.
You feel very sick. Ijyb hits you but does no damage.
You are lethally poisoned!
You slash Ijyb!
You kill Ijyb!
* * * LOW HITPOINT WARNING * * *
You feel very sick.
It was a potion of curing.
You feel better.
e - a wand of mindburst (9)
Things that are here:
a +0 dagger of venom; a +0 scale mail Key pressed, stopping explore.
j - 4 scrolls labelled VILEVI TUEJUFE (gained 1) As you open the door, it creaks loudly!
There is an open door here.
You reach down and open the door.
There is an open door here.
You reach down and open the door.
A hobgoblin comes into view.
Found a basalt altar of Yredelemnul.
A hobgoblin is nearby!
A hobgoblin is nearby!
A hobgoblin is nearby!
A hobgoblin is nearby!
You closely miss the hobgoblin.
You tail-slap the hobgoblin, but do no damage.
The hobgoblin barely misses you.
You slash the hobgoblin!
You kill the hobgoblin!
No target in view!
No target in view!
No target in view!
No target in view!
No target in view!
No target in view!
No target in view!
There is an open door, spattered with blood here.
You see here a hobgoblin corpse.
As you open the door, it creaks loudly!
There is an open door here.
You reach down and open the door.
There is an open door here.
Found a ring mail.
You now have 117 gold pieces (gained 9).
You reach down and open the door.
There is an open door here.
There is an open door here.
You reach down and open the door.
There is an open door here.
You reach down and open the door.
There is an open door here.
Found a stone staircase leading down.
There is a stone staircase leading down here.
There is a stone staircase leading down here.
You reach down and open the door.
There is an open door here.
You reach down and open the door.
There is an open door here.
As you open the door, it creaks loudly!
An orc comes into view. It is wielding a +0 flail.
There is an open door here.
You barely miss the orc. The orc barely misses you.
You hit the orc but do no damage. The orc closely misses you.
You slash the orc!
You kill the orc!
No target in view!
No target in view!
No target in view!
No target in view!
No target in view!
No target in view!
No target in view!
Things that are here:
a +0 flail; a +0 leather armour You reach down and open the door.
An endoplasm comes into view.
The endoplasm quivers.
There is an open door here.
An endoplasm is nearby!
You hit the endoplasm.
The endoplasm is almost dead.
The endoplasm freezes you.
You are frozen.
You barely miss the endoplasm. You tail-slap the endoplasm.
You kill the endoplasm!
No target in view!
No target in view!
No target in view!
No target in view!
No target in view!
No target in view!
You reach down and open the door.
There is an open door here.
There is an open door here.
You reach down and open the door.
There is an open door here.
An orc comes into view. It is wielding a +0 mace.
An orc is nearby!
The orc barely misses you.
You slash the orc!
You kill the orc!
No target in view!
No target in view!
No target in view!
No target in view!
No target in view!
No target in view!
No target in view!
You see here a +0 mace.
You see here a +0 mace.
There is an open door here.
You reach down and open the door.
There is an open door here.
You reach down and open the door.
There is an open door here.
There is an open door here.
There is an open door here.
An adder comes into view.
An adder is nearby!
An adder is nearby!
You hit the adder.
The adder is moderately wounded.
You block the adder's attack.
You completely miss the adder.
The adder is moderately wounded.
The adder bites you. x2
You hit the adder but do no damage.
The adder is moderately wounded.
The adder bites you but does no damage.
You slash the adder!
You kill the adder!
No target in view!
No target in view!
No target in view!
No target in view!
No target in view!
No target in view!
You see here an adder corpse.
A bat comes into view.
The bat hits you but does no damage.
A bat is nearby!
A bat is nearby!
A bat is nearby!
The bat barely misses you. The bat barely misses you.
The bat closely misses you.
You slash the bat!
You kill the bat!
No target in view!
No target in view!
No target in view!
No target in view!
No target in view!
No target in view!
No target in view!
No target in view!
You reach down and open the large door. 2 giant cockroaches come into view.
There are monsters nearby!
You closely miss the giant cockroach. The giant cockroach closely misses you.
You closely miss the giant cockroach. The giant cockroach barely misses you.
The giant cockroach bites you but does no damage. x2
You closely miss the giant cockroach.
The giant cockroach bites you but does no damage.
The giant cockroach barely misses you.
You hit the giant cockroach.
The giant cockroach is lightly wounded.
The giant cockroach bites you. The giant cockroach closely misses you.
You hit the giant cockroach.
The giant cockroach is moderately wounded.
The giant cockroach barely misses you. The giant cockroach closely misses you.
The giant cockroach barely misses you.
The giant cockroach bites you but does no damage.
You slash the giant cockroach!
You kill the giant cockroach!
The giant cockroach bites you.
You closely miss the giant cockroach.
The giant cockroach bites you but does no damage.
You block the giant cockroach's attack.
You slash the giant cockroach!
You kill the giant cockroach!
No target in view!
No target in view!
No target in view!
No target in view!
No target in view!
No target in view!
No target in view!
No target in view!
There is a large open door here.
A goblin comes into view. It is wielding a +0 club.
The goblin shouts!
A goblin is nearby!
A goblin is nearby!
The goblin hits you but does no damage.
You slash the goblin!
You kill the goblin!
No target in view!
No target in view!
No target in view!
No target in view!
No target in view!
No target in view!
No target in view!
Things that are here:
a +0 club; a goblin corpse You reach down and open the large door.
There is a large open door here.
Items here: ( ))) [.
A kobold brigand comes into view.
It is wielding a +0 dagger and carrying a wand of charming (8).
The kobold brigand shouts!
The kobold brigand zaps a wand.
Your will is overpowered!
You are confused.
A kobold brigand is nearby!
You are too confused!
You are too confused!
You are too confused!
You are too confused!
You are too confused!
You are too confused!
You are too confused!
You are too confused!
You are too confused!
You are too confused!
Found a faded altar of an unknown god.
The kobold brigand zaps a wand.
Your will is overpowered!
You are more confused.
You're too confused to move!
The kobold brigand zaps a wand.
Your will is overpowered!
You are more confused.
You hit the kobold brigand but do no damage.
Your tail-slap misses the kobold brigand.
The kobold brigand hits you with a +0 dagger!
You barely miss the kobold brigand.
The kobold brigand hits you with a +0 dagger.
You bump into the stone wall.
The kobold brigand hits you with a +0 dagger.
Found a hazy altar of Hepliaklqana.
The kobold brigand hits you with a +0 dagger.
The kobold brigand hits you with a +0 dagger.
You hit the kobold brigand but do no damage.
You tail-slap the kobold brigand.
The kobold brigand is lightly wounded.
The kobold brigand closely misses you.
You're too confused to move!
The kobold brigand zaps a wand.
Your will is overpowered!
You are more confused.
You bump into the stone wall.
The kobold brigand zaps a wand.
Your will is overpowered!
You are more confused.
You bump into the stone wall.
The kobold brigand zaps a wand.
Your will is overpowered!
You are more confused.
The kobold brigand hits you but does no damage.
The kobold brigand misses you.
The kobold brigand hits you but does no damage.
The kobold brigand hits you with a +0 dagger.
* * * LOW HITPOINT WARNING * * *
You miss the kobold brigand.
The kobold brigand is lightly wounded.
The kobold brigand hits you with a +0 dagger.
* * * LOW HITPOINT WARNING * * *
You bump into the stone wall.
The kobold brigand hits you with a +0 dagger.
* * * LOW HITPOINT WARNING * * *
The kobold brigand zaps a wand.
Your will is overpowered!
You are more confused.
You miss the kobold brigand.
The kobold brigand is lightly wounded.
The kobold brigand hits you but does no damage.
You closely miss the kobold brigand.
The kobold brigand is lightly wounded.
The kobold brigand barely misses you.
The kobold brigand zaps a wand.
Your will is overpowered!
You are more confused.
The now-empty wand crumbles to dust.
The kobold brigand completely misses you.
You bump into the stone wall.
The kobold brigand hits you with a +0 dagger.
* * * LOW HITPOINT WARNING * * *
You closely miss the kobold brigand.
The kobold brigand is lightly wounded.
The kobold brigand hits you but does no damage.
You bump into the stone wall.
The kobold brigand hits you with a +0 dagger.
* * * LOW HITPOINT WARNING * * *
The kobold brigand hits you with a +0 dagger.
* * * LOW HITPOINT WARNING * * *
The kobold brigand barely misses you.
You bump into the stone wall.
The kobold brigand hits you with a +0 dagger!
You die...

###.# #.........##.#
#.#...... #.#
#########.##.###.#######
#.# #........# #.#
#######.##### #.#
#...#...# # #.#
#.8.#†### # #.# #...#.#
#### ### #.#
#####.K§#######§§####..
#.#
#.....@§§§§§§§§§.#.....
#.#
#._...#§§§§§§§§§...##..
#†#
#.....§§§§§§§§§§.#.##..
#.#
#####..§#######.....#.#
###.# #.##...#..#
#####..#.# ....#
#.##._.#..# #.# #..#.#
##### #.##...#..# #.#
#..#.# #.######..# #.#
#..#.# #.# #..#
#.###..#.#


You could see a kobold brigand.

Vanquished Creatures
  Grinder (D:3)
  A scorpion (D:3)
  Jessica (D:3)
  Ijyb (D:3)
  3 orc wizards
  4 adders
  2 dart slugs
  10 orcs
  4 ball pythons
  5 bats
  4 endoplasms
  8 giant cockroaches
  7 goblins
  3 hobgoblins
  A quokka (D:1)
  3 frilled lizards
  4 kobolds
  6 rats
68 creatures vanquished.

Notes
Turn   | Place    | Note
-------+----------+-------------------------------------------
     0 | D:1      | sleeves the Demonspawn Fighter began the quest for the Orb.
     0 | D:1      | Reached XP level 1. HP: 18/18 MP: 1/1
   157 | D:1      | Reached skill level 2 in Long Blades
   311 | D:1      | Gained mutation: You have a small tail. [demonic ancestry]
   311 | D:1      | Reached XP level 2. HP: 17/24 MP: 2/2
   875 | D:1      | Reached skill level 3 in Long Blades
  1231 | D:2      | Reached XP level 3. HP: 29/29 MP: 3/3
  1401 | D:2      | Found a faded altar of an unknown god.
  1563 | D:2      | HP: 8/29 [something/magic dart (7)]
  1614 | D:2      | HP: 10/29 [orc (2)]
  2012 | D:2      | HP: 14/29 [poisoned by an adder]
  2017 | D:2      | HP: 6/29 [poisoned by an adder]
  2021 | D:2      | HP: 2/29 [poisoned by an adder]
  2391 | D:2      | HP: 14/29 [something (1)]
  2393 | D:2      | Reached skill level 4 in Long Blades
  2393 | D:2      | Reached XP level 4. HP: 17/35 MP: 4/4
  2627 | D:2      | HP: 17/35 [orc wizard (2)]
  2905 | D:3      | Noticed Grinder
  2912 | D:3      | Paralysed by Grinder for 2 turns
  2912 | D:3      | HP: 17/35 [Grinder (4)]
  2919 | D:3      | HP: 7/35 [Grinder (4)]
  2919 | D:3      | HP: 3/35 [Grinder (4)]
  2920 | D:3      | Killed Grinder
  2921 | D:3      | Reached skill level 6 in Long Blades
  2921 | D:3      | Gained mutation: Your demonic aura sometimes causes spilled
                  | blood to erupt in flames. [demonic ancestry]
  2921 | D:3      | Reached XP level 5. HP: 3/41 MP: 5/5
  2921 | D:3      | Reached XP level 6. HP: 4/47 MP: 6/6
  3225 | D:3      | Noticed Jessica
  3238 | D:3      | Killed Jessica
  3432 | D:3      | HP: 23/47 [poisoned by a scorpion]
  3437 | D:3      | HP: 18/47 [poisoned by a scorpion]
  3925 | D:3      | Noticed Ijyb
  3936 | D:3      | HP: 19/47 [poisoned by Ijyb]
  3941 | D:3      | HP: 15/47 [poisoned by Ijyb]
  3942 | D:3      | Killed Ijyb
  4201 | D:3      | Found a basalt altar of Yredelemnul.
  4572 | D:3      | Found a faded altar of an unknown god.
  4579 | D:3      | Found a hazy altar of Hepliaklqana.
  4588 | D:3      | HP: 23/47 [kobold brigand (5)]
  4596 | D:3      | HP: 16/47 [kobold brigand (1)]
  4599 | D:3      | HP: 4/47 [kobold brigand (6)]
  4601 | D:3      | Slain by a kobold brigand

Illustrated notes

Levels and vault maps discovered:
D:1:      amcnicky_arrival_choice, layout_loops_ring
D:2:      layout_loops_ring, hellmonk_ecumenical_altar_heavens_door
D:3:      layout_loops_ring, beargit_hepliaklqana_dungeon_heroes,
          mainiacjoe_overflow_24_doors, kennysheep_generic_room_12, uniq_ijyb,
          uniq_jessica, uniq_grinder

Skill      XL: |  1  2  3  4 |
---------------+-------------+-----
Long Blades    | 2 3 4 6 |  6.9
Fighting       | |  3.0
Armour         | |  2.6
Shields        | |  2.6

Action                   |  1- 3 |  4- 6 || total
-------------------------+-------+-------++-------
Melee: Long sword        |   142 |    99 ||   241
       Tailslap          |    13 |    15 ||    28
  Use: Potion            |       |     4 ||     4
Armor: Scale mail        |    58 |    28 ||    86
Dodge: Dodged            |    61 |    44 ||   105
Block: Buckler           |    38 |    11 ||    49

Table legend: (Time is in decaauts)
 A = Elapsed time spent in this place.
 B = Non-inter-level travel time spent in this place.
 C = Inter-level travel time spent in this place.
 D = Time resting spent in this place.
 E = Time spent auto-exploring this place.
 F = Levels seen in this place.
 G = Mean time per level.
                   A        B        C        D        E       F      G
               +--------+--------+--------+--------+--------+-----+--------+
         Total |   4656 |   4592 |     64 |   1084 |   2795 |   3 | 1552.0 |
       Dungeon |   4656 |   4592 |     64 |   1084 |   2795 |   3 | 1552.0 |
               +--------+--------+--------+--------+--------+-----+--------+

Top non-repeatable levels by time:
     D:3: 1720 daAuts
     D:1: 1602 daAuts
     D:2: 1333 daAuts
